 Dungeon Crawl Stone Soup version 0.27-a0-1081-ge8a0a9c698 (webtiles) character file.

Game seed: 17475215457517005311

702 shoop the Shooter (level 7, -1/59 HPs)
             Began as a Ghoul Hunter on Apr 26, 2021.
             Slain by Edmund
             ... wielding a +1 dire flail of protection
              (8 damage)
             ... on level 4 of the Dungeon.
             The game lasted 00:09:19 (5571 turns).

shoop the Shooter (Ghoul Hunter)                    Turns: 5571, Time: 00:09:20

Health: -1/59      AC:  7    Str: 16    XL:     7   Next: 66%
Magic:  6/6        EV: 12    Int:  6    God:
Gold:   204        SH:  0    Dex: 11    Spells: 6/6 levels left

rFire    . . .     SeeInvis .   a - +1 shortbow
rCold    + . .     Faith    +   (shield currently unavailable)
rNeg     + + +     Spirit   .   c - +0 leather armour
rPois    ∞         Reflect  .   (no helmet)
rElec    .         Harm     .   (no cloak)
rCorr    .         Rampage  .   (no gloves)
Will     .....                  (no boots)
Stlth    ++........             p - amulet of faith
HPRegen  0.00/turn              e - +4 ring of protection
MPRegen  0.10/turn              (no ring)

@: mighty
A: claws 1, cold resistance 1, negative energy resistance 3, inhibited
regeneration, torment resistance 2, unbreathing 1
a: no special abilities


You were on level 4 of the Dungeon.
You visited 2 branches of the dungeon, and saw 6 of its levels.

You collected 204 gold pieces.

Inventory:

Hand Weapons
 a - a +1 shortbow (weapon)
 k - a +0 arbalest
Missiles
 d - 26 arrows (quivered ammo)
 l - 26 bolts
Armour
 c - a +0 leather armour (worn)
Jewellery
 e - a +4 ring of protection (left claw)
 p - an amulet of faith (around neck)
Wands
 q - a wand of polymorph (5)
 v - a wand of digging (4)
Scrolls
 b - a scroll of summoning {unknown}
 g - a scroll of teleportation {unknown}
 m - a scroll of blinking {unknown}
 s - a scroll of fear
 x - a scroll of vulnerability {unknown}
Potions
 f - 4 potions of curing {unknown}
 h - 2 potions of brilliance {unknown}
 n - 2 potions of haste {unknown}
 o - a potion of flight
 r - a potion of lignification
 t - 3 potions of magic {unknown}
 w - a potion of attraction


   Skills:
 + Level 4.2 Fighting
 * Level 5.6 Bows
 + Level 3.5 Dodging
 + Level 3.9 Stealth
 - Level 2.0 Unarmed Combat
 + Level 1.7 Evocations


You had 6 spell levels left.
You didn't know any spells.
Your spell library contained the following spells:

 Spells                   Type           Power      Damage    Failure   Level
 Animate Skeleton         Necr           0%         N/A       52%         1
 Apportation              Tloc           0%         N/A       52%         1
 Corona                   Hex            0%         N/A       52%         1
 Summon Small Mammal      Summ           0%         N/A       52%         1
 Confusing Touch          Hex            0%         N/A       88%         3
 Gell's Gravitas          Tloc           0%         N/A       88%         3
 Petrify                  Tmut/Erth      0%         N/A       99%         4
 Metabolic Englaciation   Hex/Ice        0%         N/A       100%        5
 Yara's Violent Unravell  Hex/Tmut       0%         3d3       100%        5
 Beastly Appendage        Tmut           Unusable   N/A       N/A         1
 Wereblood                Tmut           Unusable   N/A       N/A         2
 Spider Form              Tmut/Pois      Unusable   N/A       N/A         3
 Ice Form                 Ice/Tmut       Unusable   N/A       N/A         4
 Hydra Form               Tmut           Unusable   N/A       N/A         5

Dungeon Overview and Level Annotations

Branches:
Dungeon (5/15)             Temple (1/1) D:5

Altars:
Ashenzari
Cheibriados
Elyvilon
Gozag
Kikubaaqudgha
Okawaru
Qazlal
Ru
Sif Muna
Trog
Uskayaw
Vehumet
Wu Jian
Xom
Yredelemnul
Zin
The Shining One

Shops:
D:4 [

Annotations:
D:4 Edmund


Innate Abilities, Weirdness & Mutations

You thrive by killing the living.
You are immune to poison.
You have sharp fingernails.
Your flesh is cold resistant. (rC+)
You are immune to negative energy. (rN+++)
You do not regenerate when monsters are visible.
You are immune to unholy pain and torment.
You can survive without breathing.


Message History

You shoot an arrow. The arrow hits Edmund.
Edmund is severely wounded.
Edmund hits you with a +1 dire flail of protection.
Unknown command.
Fire: 32 arrows
Press: ? - help, Q - select action, (/) - cycle Shift-Dir - straight line, f/p - Edmund
Aim: Edmund, wielding a +1 dire flail of protection and wearing a +0 leather armour (severely wounded, 62% to hit)
You shoot an arrow. The arrow hits Edmund!
Edmund is severely wounded.
Edmund hits you with a +1 dire flail of protection.
* * * LOW HITPOINT WARNING * * *
Fire: 31 arrows
Press: ? - help, Q - select action, (/) - cycle Shift-Dir - straight line, f/p - Edmund
Aim: Edmund, wielding a +1 dire flail of protection and wearing a +0 leather armour (severely wounded, 62% to hit)
You shoot an arrow. The arrow barely misses Edmund.
Edmund closely misses you.
Fire: 30 arrows
Press: ? - help, Q - select action, (/) - cycle Shift-Dir - straight line, f/p - Edmund
Aim: Edmund, wielding a +1 dire flail of protection and wearing a +0 leather armour (severely wounded, 62% to hit)
You shoot an arrow. The arrow barely misses Edmund.
Edmund hits you with a +1 dire flail of protection!
* * * LOW HITPOINT WARNING * * *
Fire: 29 arrows
Press: ? - help, Q - select action, (/) - cycle Shift-Dir - straight line, f/p - Edmund
Aim: Edmund, wielding a +1 dire flail of protection and wearing a +0 leather armour (severely wounded, 62% to hit)
You shoot an arrow. The arrow hits Edmund.
Edmund is almost dead.
Edmund closely misses you.
Fire: 28 arrows
Press: ? - help, Q - select action, (/) - cycle Shift-Dir - straight line, f/p - Edmund
Aim: Edmund, wielding a +1 dire flail of protection and wearing a +0 leather armour (almost dead, 62% to hit)
You shoot an arrow. The arrow closely misses Edmund.
Edmund misses you.
Fire: 27 arrows
Press: ? - help, Q - select action, (/) - cycle Shift-Dir - straight line, f/p - Edmund
Aim: Edmund, wielding a +1 dire flail of protection and wearing a +0 leather armour (almost dead, 62% to hit)
You shoot an arrow. The arrow barely misses Edmund.
Edmund asks, "Have you met my wondrous brother?"
Edmund hits you with a +1 dire flail of protection!
You die...

#.######..######.#
#.#.......# #.#
#.#.......######.#
#.................
#.#.........####.#
#.#..........###.#
#.######.........#
#........#.#######
#@########.# # #@#
#.# # ####(####
##'#### # #.......#
#.≈≈≈.## # #.##.##.#
##≈≈≈≈≈.###
#.#..##.###_≈≈.≈≈....
#>...##.#.##≈≈≈≈≈....
#...(...'....≈≈≈..'..
#....##.#.........#..


You could see Edmund.

Vanquished Creatures
  A gnoll sergeant (D:5)
  2 bullfrogs
  A scorpion (D:5)
  A jelly (D:4)
  A hound (D:4)
  Ijyb (D:5)
  2 iguanas (D:4)
  2 orc wizards (D:4)
  A hound skeleton (D:5)
  7 gnolls
  8 adders
  A white imp (D:5)
  A worm (D:3)
  4 dart slugs
  7 orcs
  11 ball pythons
  5 endoplasms
  4 giant cockroaches
  7 goblins
  7 hobgoblins
  11 kobolds
  7 quokkas
  8 bats
  5 frilled lizards
  2 rats
107 creatures vanquished.

Notes
Turn   | Place    | Note
-------+----------+-------------------------------------------
     0 | D:1      | shoop the Ghoul Hunter began the quest for the Orb.
     0 | D:1      | Reached XP level 1. HP: 17/17 MP: 0/0
    37 | D:1      | Reached skill level 1 in Unarmed Combat
   382 | D:1      | Reached XP level 2. HP: 22/24 MP: 1/1
   856 | D:1      | Reached XP level 3. HP: 30/30 MP: 2/2
   906 | D:1      | Found a faded altar of an unknown god.
  1093 | D:2      | Noticed a bullfrog
  1111 | D:2      | Killed a bullfrog
  1112 | D:2      | Reached skill level 4 in Bows
  1112 | D:2      | Reached XP level 4. HP: 6/37 MP: 3/3
  1452 | D:2      | Reached XP level 5. HP: 35/44 MP: 4/4
  2115 | D:3      | Found an ancient bone altar of Kikubaaqudgha.
  2387 | D:3      | Found an opulent altar of Gozag.
  2860 | D:3      | Found a broken altar of Ashenzari.
  3122 | D:4      | Found a hide-covered altar of Uskayaw.
  3158 | D:4      | Reached XP level 6. HP: 20/51 MP: 5/5
  3419 | D:4      | Found Zudaon's Armour Shoppe.
  3450 | D:4      | Found a snail-covered altar of Cheibriados.
  4003 | D:4      | Reached skill level 5 in Bows
  4284 | D:4      | Reached skill level 1 in Evocations
  4419 | D:4      | Reached XP level 7. HP: 58/58 MP: 6/6
  4745 | D:5      | Entered Level 5 of the Dungeon
  4747 | D:5      | Found a staircase to the Ecumenical Temple.
  4768 | Temple   | Entered the Ecumenical Temple
  4865 | D:5      | Noticed Ijyb
  4877 | D:5      | Killed Ijyb
  4882 | D:5      | Found a bloodstained altar of Trog.
  5402 | D:5      | Noticed Edmund
  5571 | D:4      | Slain by Edmund

Illustrated notes

Levels and vault maps discovered:
D:1:      lemuel_arrival_behind_the_door_small, layout_rooms,
          hellmonk_ecumenical_altar_slurped_away, minmay_misc_feat_tiny
D:2:      layout_rooms, minmay_distorted
D:3:      layout_basic, nicolae_overflow_hidden_temple, grunt_gozag_breadcrumbs,
          minitemple, minivault_25
D:4:      cheibrodos_quashed, layout_loops_corners,
          lemuel_coloured_pillars_altar, kennysheep_slug_shrine, serial_shops,
          kennysheep_little_box
D:5:      layout_gridville, nicolae_overflow_crystal_walls,
          minmay_temple_entry_grid, uniq_ijyb, uniq_edmund, uniq_blork_the_orc
Temple:   eino_wide_crystal_templ

Skill      XL: |  1  2  3  4  5  6  7 |
---------------+----------------------+-----
Unarmed Combat | 1 2 |  2.0
Dodging        | 2 3 |  3.5
Bows           | 4 5 |  5.6
Stealth        | 2 3 |  3.9
Fighting       | 3 4 |  4.2
Evocations     | 1 |  1.7

Action                   |  1- 3 |  4- 6 |  7- 9 || total
-------------------------+-------+-------+-------++-------
Melee: Unarmed           |    92 |   232 |    47 ||   371
 Fire: Shortbow          |    20 |    32 |    57 ||   109
  Use: Scroll            |       |       |     6 ||     6
       Potion            |       |       |     2 ||     2
 Stab: Sleeping          |       |     7 |     1 ||     8
Armor: Leather armour    |    37 |    76 |    11 ||   124
Dodge: Dodged            |    45 |   146 |    53 ||   244

Table legend: (Time is in decaauts)
 A = Elapsed time spent in this place.
 B = Non-inter-level travel time spent in this place.
 C = Inter-level travel time spent in this place.
 D = Time resting spent in this place.
 E = Time spent auto-exploring this place.
 F = Levels seen in this place.
 G = Mean time per level.
                   A        B        C        D        E       F      G
               +--------+--------+--------+--------+--------+-----+--------+
         Total |   5557 |   5378 |    179 |      5 |   4393 |   6 |  926.2 |
       Dungeon |   5493 |   5330 |    163 |      5 |   4346 |   5 | 1098.6 |
        Temple |     63 |     47 |     16 |      0 |     47 |   1 |   63.0 |
               +--------+--------+--------+--------+--------+-----+--------+

Top non-repeatable levels by time:
     D:4: 1837 daAuts
     D:1: 1088 daAuts
     D:3: 1064 daAuts
     D:2: 877 daAuts
     D:5: 625 daAuts
  Temple: 63 daAuts
